 Dungeon Crawl Stone Soup version 0.27-a0-951-gae3e1deef5 (webtiles) character file.

Game seed: 5579034806402128190

329 Alarkh the Ruffian (level 6, 45/48 HPs)
             Began as a Demonspawn Gladiator on Apr 11, 2021.
             Got out of the dungeon alive.
             The game lasted 00:02:25 (2668 turns).

Alarkh the Ruffian (Demonspawn Gladiator)           Turns: 2668, Time: 00:02:25

Health: 45/48      AC:  5    Str: 15    XL:     6   Next: 25%
Magic:  6/6        EV: 12    Int: 11    God:
Gold:   120        SH:  4    Dex: 14    Spells: 5/5 levels left

rFire    . . .     SeeInvis .     - Unarmed
rCold    . . .     Faith    .   (no shield)
rNeg     . . .     Spirit   .   a - +0 leather armour
rPois    .         Reflect  .   b - +0 helmet
rElec    .         Harm     .   (no cloak)
rCorr    .         Rampage  .   (no gloves)
Will     .....                  j - +0 pair of boots
Stlth    +.........             (no amulet)
HPRegen  0.16/turn              (no ring)
MPRegen  0.10/turn              (no ring)

@: no status effects
A: claws 1, large bone plates 1, powered by pain 1, spiny 1
a: no special abilities


You escaped.
You visited 1 branch of the dungeon, and saw 4 of its levels.

You collected 120 gold pieces.

Inventory:

Missiles
 c - a throwing net (quivered)
Armour
 a - a +0 leather armour (worn)
 b - a +0 helmet (worn)
 j - a +0 pair of boots (worn)
Wands
 n - a wand of random effects (19)
Scrolls
 d - a scroll of amnesia {unknown}
 e - a scroll of identify {unknown}
 f - 2 scrolls of enchant armour {unknown}
 g - 4 scrolls of enchant weapon {unknown}
 i - a scroll of blinking {unknown}
 k - a scroll of holy word {unknown}
 p - a scroll of teleportation {unknown}
 q - a scroll of immolation {unknown}
Potions
 h - 2 potions of haste {unknown}
 l - a potion of might {unknown}
 m - a potion of flight {unknown}
 o - a potion of curing {unknown}
 r - a potion of cancellation {unknown}


   Skills:
 + Level 4.1 Fighting
 - Level 1.7 Throwing
 - Level 2.6 Dodging
 * Level 5.5 Unarmed Combat


You had 5 spell levels left.
You didn't know any spells.
Your spell library contained the following spells:

 Spells                   Type           Power      Damage    Failure   Level
 Animate Skeleton         Necr           0%         N/A       41%         1
 Apportation              Tloc           0%         N/A       41%         1
 Corona                   Hex            0%         N/A       41%         1
 Summon Small Mammal      Summ           0%         N/A       41%         1


Dungeon Overview and Level Annotations

Branches:
Dungeon (4/15)
 Temple: D:4-7

Altars:
Ru
Trog


Innate Abilities, Weirdness & Mutations

You have sharp fingernails.
You are partially covered in large bone plates. (SH +4)
You sometimes gain a little power by taking damage.
You are partially covered in sharp spines.


Message History

You scratch the black bear.
The black bear is moderately wounded.
You claw the black bear!
The black bear is heavily wounded.
The black bear misses you.
The black bear claws you but does no damage. x2
You claw the black bear!
The black bear is almost dead.
The black bear goes berserk!
You scratch the black bear.
The black bear is almost dead.
The black bear bites you! The black bear closely misses you.
The black bear claws you but does no damage.
The black bear is struck by your spines.
You kill the black bear!
Your Fighting skill increases to level 4!
You have reached level 6!
Your experience leads to an increase in your attributes!
Increase (S)trength, (I)ntelligence, or (D)exterity?
You feel clever.
Your demonic ancestry asserts itself...
You feel energised by your suffering.
There's nothing to open nearby.
(D) Dungeon
Where to? (Enter - D:3 @ (x,y), ? - help)
What level of the Dungeon? (default 1, ? - help)
You see here a jackal corpse.
There is a stone staircase leading up here.
You climb upwards.
There is a stone staircase leading down here.
There is a stone staircase leading up here.
You climb upwards.
There is a stone staircase leading down here.
There is a stone staircase leading up here.
You climb upwards.
There is a stone staircase leading down here.
HP restored.
There is an open door here.
There is a staircase leading out of the dungeon here.
Are you sure you want to leave the Dungeon?
This will make you lose the game!
You have escaped!

###
###8♣♣
#.'.@♣
#.#8♣♣
##.###
#..#
##.##
#..#
##.##
#..#
#.##


There were no monsters in sight!

Vanquished Creatures
  A black bear (D:4)
  An orc priest (D:3)
  A hound (D:2)
  A centaur skeleton (D:4)
  Natasha (thrice) (D:2)
  A hound skeleton (D:3)
  3 adders
  A worm (D:3)
  A dart slug (D:3)
  An orc (D:4)
  3 bats
  3 endoplasms
  4 hobgoblins
  3 jackals
  2 quokkas
  3 ball pythons
  3 goblins
  2 kobolds
  2 rats
39 creatures vanquished.

Notes
Turn   | Place    | Note
-------+----------+-------------------------------------------
     0 | D:1      | Alarkh the Demonspawn Gladiator began the quest for the
                  | Orb.
     0 | D:1      | Reached XP level 1. HP: 16/16 MP: 1/1
   247 | D:1      | Reached skill level 3 in Unarmed Combat
   302 | D:1      | Gained mutation: You are partially covered in sharp spines.
                  | [demonic ancestry]
   302 | D:1      | Reached XP level 2. HP: 22/22 MP: 2/2
   550 | D:2      | Gained mutation: You have sharp fingernails. [demonic
                  | ancestry]
   550 | D:2      | Reached XP level 3. HP: 22/28 MP: 3/3
   889 | D:2      | Noticed Natasha
   903 | D:2      | Killed Natasha
   904 | D:2      | Reached skill level 4 in Unarmed Combat
   904 | D:2      | Reached XP level 4. HP: 18/35 MP: 4/4
  1070 | D:2      | Noticed Natasha
  1079 | D:2      | Killed Natasha
  1631 | D:2      | Noticed Natasha
  1643 | D:2      | Killed Natasha
  1644 | D:2      | Gained mutation: You are partially covered in large bone
                  | plates. (SH +4) [demonic ancestry]
  1644 | D:2      | Reached XP level 5. HP: 16/41 MP: 5/5
  1876 | D:3      | Found a sacrificial altar of Ru.
  1973 | D:3      | Found a bloodstained altar of Trog.
  2500 | D:4      | Noticed a black bear
  2557 | D:3      | Reached skill level 5 in Unarmed Combat
  2568 | D:4      | Killed a black bear
  2569 | D:4      | Gained mutation: You sometimes gain a little power by
                  | taking damage. [demonic ancestry]
  2569 | D:4      | Reached XP level 6. HP: 29/48 MP: 6/6
  2668 | D:$      | Got out of the dungeon alive.

Illustrated notes

Levels and vault maps discovered:
D:1:      saegor_arrival_simple_b, layout_rooms
D:2:      layout_loops_ring, uniq_natasha
D:3:      layout_loops_cross, nicolae_ru_awakened_eye, lemuel_tele_altar
D:4:      layout_cave_pools, serial_shops, nicolae_shop_behind_doors,
          nicolae_shop_stone, shop, shop, gammafunk_ghost_mausoleum,
          hangedman_minor_gate_pass

Skill      XL: |  1  2  3  4  5 |
---------------+----------------+-----
Unarmed Combat | 3 4 5 |  5.5
Fighting       | 3 4 |  4.1
Throwing       | |  1.7
Dodging        | |  2.6

Action                   |  1- 3 |  4- 6 || total
-------------------------+-------+-------++-------
Melee: Unarmed           |    63 |    57 ||   120
       Punch             |     1 |       ||     1
Throw: Throwing net      |     1 |     1 ||     2
 Stab: Held in net/web   |     3 |       ||     3
       Sleeping          |       |     1 ||     1
Armor: Leather armour    |    17 |    25 ||    42
Dodge: Dodged            |    29 |    37 ||    66
Block: Other             |       |     7 ||     7

Table legend: (Time is in decaauts)
 A = Elapsed time spent in this place.
 B = Non-inter-level travel time spent in this place.
 C = Inter-level travel time spent in this place.
 D = Time resting spent in this place.
 E = Time spent auto-exploring this place.
 F = Levels seen in this place.
 G = Mean time per level.
                   A        B        C        D        E       F      G
               +--------+--------+--------+--------+--------+-----+--------+
         Total |   2672 |   2420 |    252 |     83 |   2066 |   4 |  668.0 |
       Dungeon |   2672 |   2420 |    252 |     83 |   2066 |   4 |  668.0 |
               +--------+--------+--------+--------+--------+-----+--------+

Top non-repeatable levels by time:
     D:2: 1283 daAuts
     D:3: 740 daAuts
     D:1: 595 daAuts
     D:4: 52 daAuts
